Map: Одиссея РВ

Players

ИИ 1 (новичок) - Winner!

  • Race: Protoss Protoss
  • Spawn Location: 5:00

Doll

  • Race: Zerg Zerg
  • Spawn Location: 11:00

VOD

Have the link to the VOD?

Description

Time

  • Played on: Oct. 10, 2022, 1:38 p.m.
  • Length: 10:33
Show
View Real Time Build Order
Export as new Build Order

ИИ 1 (новичок) Protoss - Winner!

Build Orders: 1 Gate Expand, Nexus First 

Get SALT Encoding   

  12  0:00  Probe  
  13  0:13  Probe  
  14  0:20  Pylon  
  14  0:42  Gateway  
  14  1:01  Nexus  
  14  1:20  Pylon, Zealot  
  14  1:22  Assimilator  
  14  1:32  Probe  
  16  1:34  Cybernetics Core  
  17  1:41  Probe  
  18  1:51  Probe  
  19  2:01  Probe  
  19  2:02  Assimilator  
  20  2:09  Probe  
  20  2:10  Stalker  
  23  2:16  Warp Gate  
  23  2:18  Probe  
  23  2:21  Probe  
  25  2:33  Probe  
  26  2:48  Probe, Assimilator  
  27  2:51  Pylon  
  27  2:55  Probe  
  28  3:02  Probe  
  29  3:09  Probe, Robotics Facility  
  29  3:12  Zealot  
  30  3:19  Probe  
  31  3:27  Probe  
  34  3:34  Probe  
  35  3:41  Probe  
  36  3:48  Probe  
  37  3:55  Probe  
  38  3:58  Observer  
  38  4:02  Probe  
  40  4:09  Probe  
  41  4:13  Probe  
  41  4:14  Assimilator  
  42  4:19  Observer  
  42  4:24  Probe  
  44  4:27  Probe  
  44  4:29  Sentry  
  47  4:35  Pylon  
  48  4:38  Probe  
  49  4:45  Probe  
  50  4:52  Probe  
  50  7:53  Stalker x2  
  50  8:26  Zealot  
  44  8:36  Probe  
  44  8:40  Probe  
  29  8:47  Probe  
  4  8:54  Probe  
  4  9:01  Probe  
  5  9:08  Probe, Pylon  
  6  9:13  Robotics Facility  
  6  9:15  Probe  
  7  9:17  Pylon  
  7  9:22  Probe  
  8  9:30  Probe  
  9  9:36  Zealot  
  9  9:37  Probe  
  12  9:44  Probe  
  13  9:45  Pylon  
  13  9:51  Probe  
  15  10:02  Probe  
  15  10:06  Probe  
  17  10:14  Pylon  
  17  10:16  Probe  
  18  10:25  Sentry  
  18  10:27  Gateway  
  23  10:30  Robotics Bay  
Show
View Real Time Build Order
Export as new Build Order

Doll Zerg 

Build Orders: Hatch First 

Get SALT Encoding   

  12  0:01  Drone  
  13  0:13  Overlord  
  13  0:17  Drone  
  14  0:31  Drone x2  
  14  0:35  Drone  
  17  0:55  Hatchery  
  17  0:56  Drone  
  17  1:00  Drone  
  18  1:08  Drone  
  18  1:10  Extractor  
  18  1:20  Spawning Pool  
  18  1:21  Drone  
  18  1:30  Drone  
  19  1:39  Drone  
  20  1:50  Drone  
  21  2:06  Zergling x2  
  21  2:07  Queen  
  21  2:08  Zergling x2, Queen  
  26  2:11  Metabolic Boost  
  26  2:15  Drone, Extractor  
  27  2:18  Drone  
  28  2:29  Overlord  
  28  2:37  Spine Crawler  
  28  2:38  Spine Crawler  
  26  2:46  Overlord  
  26  2:48  Zergling x2  
  26  2:49  Zergling x2  
  26  2:50  Zergling x2  
  29  2:53  Drone  
  30  2:59  Drone  
  30  3:02  Drone  
  32  3:09  Drone  
  32  3:11  Drone  
  34  3:15  Drone x2  
  34  3:19  Drone  
  37  3:23  Drone  
  37  3:25  Drone  
  39  3:34  Lair  
  39  3:39  Drone  
  39  3:40  Drone  
  41  3:42  Drone  
  41  3:44  Drone  
  41  3:47  Drone  
  44  4:04  Hatchery  
  44  4:05  Drone  
  44  4:06  Overlord  
  44  4:16  Evolution Chamber  
  43  4:17  Evolution Chamber  
  43  4:20  Drone x2  
  44  4:26  Spine Crawler  
  44  4:27  Drone x3  
  44  4:28  Drone  
  47  4:37  Infestation Pit  
  46  4:39  Drone x2  
  46  4:43  Zergling x2  
  46  4:44  Zergling x2  
  46  4:45  Overlord  
  50  4:49  Zergling x4  
  52  4:55  Zerg Ground Armor Level 1  
  52  4:59  Zerg Melee Weapons Level 1  
  52  5:02  Overlord  
  52  5:05  Zergling x4  
  54  5:15  Hive  
  54  5:17  Drone  
  54  5:19  Drone  
  54  5:21  Drone  
  57  5:23  Drone  
  57  5:24  Drone  
  57  5:26  Zergling x2  
  57  5:27  Zergling x2  
  61  5:33  Roach Warren  
  61  5:34  Drone  
  61  5:35  Drone  
  61  5:41  Baneling Nest  
  61  5:44  Hydralisk Den  
  61  5:45  Drone x2  
  61  5:46  Drone  
  61  5:47  Drone  
  61  5:48  Drone  
  65  5:52  Zergling x2  
  65  5:53  Zergling x4  
  68  5:59  Extractor  
  68  6:01  Zergling x2, Extractor  
  68  6:02  Zergling x2, Overlord  
  68  6:04  Zergling x2  
  68  6:08  Zergling x4  
  68  6:09  Zergling x2  
  72  6:16  Drone x2, Overlord  
  74  6:24  Drone x3  
  74  6:25  Drone  
  78  6:27  Hatchery  
  78  6:31  Adrenal Glands  
  77  6:35  Zergling x4  
  77  6:39  Spore Crawler  
  78  6:42  Spore Crawler  
  78  6:45  Spore Crawler, Drone x2  
  78  6:47  Drone  
  79  6:49  Drone  
  79  6:50  Drone  
  79  6:52  Drone  
  79  6:53  Drone  
  83  6:54  Drone  
  83  6:56  Drone  
  85  7:02  Pneumatized Carapace  
  85  7:04  Overseer  
  85  7:05  Overseer  
  85  7:06  Overseer  
  85  7:07  Zergling x2  
  85  7:08  Zergling x4  
  88  7:10  Zergling x2  
  88  7:12  Overlord  
  89  7:16  Zerg Melee Weapons Level 2  
  89  7:21  Zerg Ground Armor Level 2  
  89  7:26  Overlord  
  89  7:27  Overlord  
  89  7:31  Zergling x2  
  89  7:32  Zergling x6  
  89  7:33  Zergling x2  
  89  7:34  Zergling x2  
  89  7:35  Zergling x2  
  89  7:36  Zergling x2  
  97  7:38  Zergling x2  
  97  7:40  Overlord  
  97  7:44  Centrifugal Hooks  
  98  7:46  Zergling x2  
  98  7:48  Zergling x4  
  98  7:49  Zergling x2  
  98  7:51  Zergling x2  
  103  7:52  Zergling x2  
  103  7:54  Zergling x2  
  103  7:55  Zergling x2  
  103  7:56  Zergling x2  
  103  7:57  Zergling x2  
  108  8:00  Zergling x2  
  108  8:02  Zergling x2  
  108  8:04  Zergling x6  
  111  9:04  Drone x4  
  111  9:05  Drone x7  
  111  9:06  Drone x5  
  111  9:09  Overlord  
  127  9:20  Spire  
  127  9:23  Drone  
Tags
 
Add a new tag
Caveats
  • Supply blocks, unpowered buildings, or Contaminate may cause inaccurate times.
  • Supply counts are checked every 10 seconds.